 Dungeon Crawl Stone Soup version 0.19.1 (webtiles) character file.

107 tizzy the Slasher (level 4, -1/35 HPs)
             Began as a Demonspawn Berserker on Nov 25, 2016.
             Was a Follower of Trog.
             Slain by a worm (11 damage)
             ... on level 2 of the Dungeon.
             The game lasted 00:03:56 (2739 turns).

tizzy the Slasher (Demonspawn Berserker)            Turns: 2739, Time: 00:03:56

Health: -1/35      AC:  2    Str: 17    XL:     4   Next: 57%
Magic:  4/4        EV: 12    Int: 10    God:    Trog [*.....]
Gold:   61         SH:  0    Dex: 12    Spells: 0 memorised, 3 levels left

rFire  . . .     SeeInvis +     a - +0 falchion
rCold  . . .     Gourm    .     b - +0 animal skin
rNeg   . . .     Faith    .     (no shield)
rPois  .         Spirit   .     (no helmet)
rElec  .         Reflect  .     (no cloak)
rCorr  .         Harm     .     (no gloves)
MR     .....                    (no boots)
Stlth  ++........               (no amulet)
                                (no ring)
                                m - ring of see invisible

@: no status effects
A: nightstalker 1, sturdy frame 1
a: Berserk, Burn Spellbooks, Renounce Religion


You were on level 2 of the Dungeon.
You worshipped Trog.
Trog was aware of your devotion.
You were not hungry.

You visited 1 branch of the dungeon, and saw 2 of its levels.

You collected 61 gold pieces.

Inventory:

Hand Weapons
 a - a +0 falchion (weapon)
Armour
 b - a +0 animal skin (worn)
Jewellery
 m - a ring of see invisible (left hand)
Scrolls
 f - 3 scrolls of identify {unknown}
 k - a scroll of teleportation {unknown}
 l - a scroll of immolation {unknown}
 n - 3 scrolls of remove curse {unknown}
 o - 2 scrolls of fog {unknown}
Potions
 d - a potion of cure mutation {unknown}
 e - 2 potions of haste
 g - a potion of ambrosia {unknown}
 h - a potion of lignification {unknown}
 j - a potion of curing
 q - 2 potions of heal wounds {unknown}
Comestibles
 c - 2 bread rations
 i - a slice of pizza
 p - a meat ration
 r - 2 chunks of flesh


   Skills:
 - Level 3.0 Fighting
 * Level 4.9 Long Blades
 - Level 1.7 Armour
 - Level 1.7 Dodging


You had 3 spell levels left.
You didn't know any spells.

Dungeon Overview and Level Annotations

Branches:
Dungeon (2/15)

Altars:


Innate Abilities, Weirdness & Mutations

You are slightly more attuned to the shadows.
Your movements are slightly less encumbered by armour. (ER -2)


Message History

The worm is moderately wounded.
You hit the worm.
The worm is heavily wounded.
The worm bites you!
You hit the worm.
The worm is severely wounded.
You barely miss the worm.
The worm is severely wounded.
The worm bites you.
* * * LOW HITPOINT WARNING * * *
You barely miss the worm.
The worm is severely wounded.
The worm closely misses you.
You riposte.
You hit the worm.
The worm is severely wounded.
You barely miss the worm.
The worm is severely wounded.
You hit the worm but do no damage.
The worm is severely wounded.
The worm bites you!
You die...

#.######.# #.########...#####
###....#.# #.#8###8##...##8##
#8#.##.#.# #.................
....##.#.# #.................
....##.#.# #.................
....##.#.#########8###8##.[.##8##
#8#....#.........########...#####
#######......###.w#....#8...8#.##
...........)....@......##...##.##
#######......#.........##...##.##
# #......#.(.......##...##.## #
#......#.........#8...8#.## #
#......#.........##...##.## #
#......###.###.........#.## #
#......# #.........###.....
#######......# #########.# ##..##
.....##......# ####.# #....


You could see a worm.

Vanquished Creatures
  A crimson imp (D:2)
  3 adders (D:2)
  2 dart slugs (D:1)
  A leopard gecko (D:1)
  2 giant cockroaches (D:1)
  4 goblins
  6 hobgoblins
  4 jackals (D:1)
  4 kobolds
  A ball python (D:1)
  7 bats
  3 frilled lizards
  2 rats
40 creatures vanquished.

Notes
Turn   | Place    | Note
-------+----------+-------------------------------------------
     0 | D:1      | tizzy the Demonspawn Berserker began the quest for the Orb.
     0 | D:1      | Reached XP level 1. HP: 18/18 MP: 1/1
    83 | D:1      | Reached skill level 3 in Long Blades
   197 | D:1      | Gained mutation: You are slightly more attuned to the shadows. [demonic ancestry]
   197 | D:1      | Reached XP level 2. HP: 17/24 MP: 2/2
   814 | D:1      | Gained mutation: Your movements are slightly less encumbered by armour. (ER -2) [demonic ancestry]
   814 | D:1      | Reached XP level 3. HP: 29/29 MP: 3/3
  1080 | D:2      | Found a faded altar of an unknown god.
  1265 | D:2      | Reached skill level 4 in Long Blades
  1451 | D:2      | Reached ** piety under Trog
  2428 | D:2      | Reached XP level 4. HP: 23/35 MP: 4/4
  2739 | D:2      | Slain by a worm

Skill      XL: |  1  2  3 |
---------------+----------+-----
Long Blades    | 3 4 |  4.9
Fighting       | |  3.0
Armour         | |  1.7
Dodging        | |  1.7

Action                   |  1- 3 |  4- 6 || total
-------------------------+-------+-------++-------
Melee: Falchion          |   133 |    31 ||   164
  Use: Potion            |     2 |       ||     2
 Stab: Sleeping          |     6 |       ||     6
  Eat: Chunk             |     5 |     1 ||     6
Armor: Animal skin       |    26 |     4 ||    30
Dodge: Dodged            |   104 |    13 ||   117
       Rpst.: Falchion   |    34 |     8 ||    42
